Staline vs National
Created - 31 mars 2014 at 19:12
Goals
|
| Staline |
1 |
2 |
5 |
8 |
| National |
0 |
2 |
1 |
3 |
|
Shots
|
| Staline |
13 |
21 |
16 |
50 |
| National |
5 |
16 |
12 |
33 |
|
1st period
1. Staline , J.T. Wyman 16 (Mathieu Perreault) at 2:37
Penalties :
No Penalty
2nd period
2. National , Jonathan Cheechoo 17 (Dean McAmmond) at 0:14
3. Staline , J.T. Wyman 17 (Brandon Prust, Theo Peckham) at 10:15
4. Staline , Mason Raymond 18 (T.J. Oshie, Yan Stastny) at 14:20
5. National , Pasi Salonen 26 (Mathieu Carle, Dean McAmmond) at 15:51
Penalties :
Stu Bickel (StJ) for Holding (Minor) at 1:48, Tyler Cuma (StJ) for High sticking (Minor) at 3:18, Dustin Kohn (Que) for Hooking (Minor) at 5:55
3rd period
6. Staline , Dave Scatchard 12 (Cam Janssen) at 4:53
7. Staline , Cam Janssen 25 (Dave Scatchard, Maxime Fortunus) at 6:36
8. National , Johannes Salmonsson 20 (Guillaume Desbiens, Jarod Palmer) at 9:26
9. Staline , Mathieu Perreault 12 (Brandon Prust, T.J. Fast) at 10:20
10. Staline , Yan Stastny 48 (T.J. Oshie, Mason Raymond) at 10:36
11. Staline , Mason Raymond 19 (Maxime Fortunus, T.J. Oshie) at 17:22
Penalties :
Zac Rinaldo (StJ) for Hooking (Minor) at 14:35, Maksim Mayorov (Que) for Holding (Minor) at 18:20
Goalie Stats
Tobias Stephan (StJ), 30 saves from 33 shots - (0,909), W, 16-11-4, 60:00 minutes
Trevor Cann (Que), 42 saves from 50 shots - (0,840), L, 7-17-3, 60:00 minutes
Players Stats for Staline
Player Name G A P +/- PIM S H SB GA TA FO MP PP MP PK MP
------------------------------------------------------------------------------------
Brandon Prust 0 2 2 2 0 4 1 2 0 0 0/0 11:26 0:00 0:29
Cam Janssen 1 1 2 2 0 1 2 1 0 0 0/1 14:21 1:17 0:00
Danny Kristo 0 0 0 0 0 1 2 0 0 0 0/0 9:05 0:00 0:00
Dave Scatchard 1 1 2 2 0 6 1 1 0 0 10/20 18:45 2:21 3:18
J.T. Wyman 2 0 2 2 0 2 0 1 0 0 0/0 10:57 0:00 0:00
James Sheppard 0 0 0 0 0 2 0 1 0 1 0/1 9:52 0:00 0:47
Mason Raymond 2 1 3 1 0 7 4 1 0 0 0/1 21:29 2:21 1:20
Mathieu Perreault 1 1 2 2 0 3 0 0 0 0 3/8 11:00 0:00 0:03
Matt Generous 0 0 0 2 0 1 1 0 0 0 0/0 18:28 0:57 1:48
Maxime Fortunus 0 2 2 2 0 0 3 0 1 1 0/0 19:17 0:57 2:40
Robert Dome 0 0 0 2 0 1 0 0 0 0 0/0 14:21 1:17 0:00
Stu Bickel 0 0 0 2 2 2 0 1 0 1 0/0 26:42 2:41 1:57
T.J. Fast 0 1 1 2 0 6 2 2 0 1 0/0 28:41 2:41 3:40
T.J. Oshie 0 3 3 1 0 7 1 1 1 0 0/3 21:29 2:21 1:20
Theo Peckham 0 1 1 1 0 2 1 0 0 0 0/0 13:05 0:00 0:00
Tyler Cuma 0 0 0 1 2 0 1 3 0 0 0/0 14:21 0:00 1:04
Yan Stastny 1 1 2 0 0 4 3 0 1 4 14/24 20:49 1:17 2:56
Zac Rinaldo 0 0 0 1 2 1 0 0 0 0 2/5 9:52 0:00 0:00
Players Stats for National
Player Name G A P +/- PIM S H SB GA TA FO MP PP MP PK MP
------------------------------------------------------------------------------------
Ben Maxwell 0 0 0 0 0 1 0 0 0 0 2/3 9:35 0:00 0:00
Cédric Lalonde-McNicoll 0 0 0 -2 0 0 1 1 0 0 1/5 10:44 0:00 0:00
Dean McAmmond 0 2 2 0 0 3 0 0 0 0 19/32 22:33 2:55 2:09
Dustin Kohn 0 0 0 -1 2 0 1 0 0 0 0/0 12:57 0:00 0:00
Guillaume Desbiens 0 1 1 -2 0 1 4 0 2 0 0/0 16:15 2:27 1:04
Igor Makarov 0 0 0 -3 0 4 0 0 0 0 0/0 11:35 0:03 0:00
Jan Hejda 0 0 0 -2 0 2 4 3 4 0 0/0 27:15 2:36 1:56
Jarod Palmer 0 1 1 -2 0 1 2 0 0 1 10/17 14:45 2:30 0:00
Jesse Joensuu 0 0 0 -3 0 1 2 0 0 0 0/0 11:38 0:06 0:00
Johannes Salmonsson 1 0 1 -2 0 3 2 0 0 0 0/0 15:42 2:30 0:25
Jonathan Cheechoo 1 0 1 0 0 2 3 0 0 1 2/3 22:33 2:55 2:09
Maksim Mayorov 0 0 0 0 2 0 0 0 0 0 0/0 9:34 0:00 0:00
Mathieu Carle 0 1 1 -2 0 6 0 2 0 0 0/0 19:21 2:52 1:42
Nick Schultz 0 0 0 -2 0 0 2 3 1 1 0/0 27:15 2:36 1:56
Pasi Salonen 1 0 1 0 0 1 2 1 0 0 0/2 21:28 2:55 1:04
Pat Dwyer 0 0 0 -1 0 5 0 0 1 0 0/1 10:54 0:03 0:25
Ty Wishart 0 0 0 -1 0 1 0 0 0 0 0/0 12:55 0:00 0:00
William Colbert 0 0 0 -2 0 2 0 0 0 0 0/0 19:21 2:52 1:42
3 Stars
1 - Mason Raymond (StJ)
2 - J.T. Wyman (StJ)
3 - Cam Janssen (StJ)
Power Play
Staline - 0 on 2 Attempt(s) - 0,00%
National - 0 on 3 Attempt(s) - 0,00%
Penalty Kill
Staline - 3 on 3 Attempt(s) - 100,00%
- Score 0 goal in Penalty Kill
National - 2 on 2 Attempt(s) - 100,00%
- Score 0 goal in Penalty Kill
Official
Referees : Auger Stephane and Hebert Ghislain
Linesman : Lonnie Cameron and Brian Mach
Game Notes
No Game Note
Finance
Level 1 -- Attendance: 1622 (81,10%) -- Ticket Income 40 550 $
Level 2 -- Attendance: 740 (74,00%) -- Ticket Income 11 100 $
Total Attendance: 2362 (78,73%)
Total Ticket Income: 51 650 $
Other Income: 2 582 $
Total Income: 54 232 $
Staline
5 vs 5 Forward
Center Left Wing Right Wing Time % Phy DF OF
1 Yan Stastny Mason Raymond T.J. Oshie 40 1 2 2
2 Dave Scatchard Robert Dome Cam Janssen 30 1 2 2
3 Mathieu Perreault Brandon Prust J.T. Wyman 20 1 2 2
4 Zac Rinaldo James Sheppard Danny Kristo 10 1 2 2
5 vs 5 Defense
Defense Defense Time % Phy DF OF
1 T.J. Fast Stu Bickel 40 1 2 2
2 Maxime Fortunus Matt Generous 30 1 2 2
3 Theo Peckham Tyler Cuma 20 1 2 2
4 T.J. Fast Stu Bickel 10 1 2 2
PowerPlay Forward
Center Left Wing Right Wing Time % Phy DF OF
1 Dave Scatchard Mason Raymond T.J. Oshie 60 1 2 2
2 Yan Stastny Robert Dome Cam Janssen 40 1 2 2
PowerPlay Defense
Defense Defense Time % Phy DF OF
1 T.J. Fast Stu Bickel 60 1 2 2
2 Maxime Fortunus Matt Generous 40 1 2 2
Penalty Kill 4 Players Forward
Center Wing Time % Phy DF OF
1 Dave Scatchard Yan Stastny 60 1 2 2
2 T.J. Oshie Mason Raymond 40 1 2 2
Penalty Kill 4 Players Defense
Defense Defense Time % Phy DF OF
1 T.J. Fast Stu Bickel 60 1 2 2
2 Maxime Fortunus Matt Generous 40 1 2 2
Penalty Kill - 3 Players Forward
Forward Time % Phy DF OF
1 Dave Scatchard 60 1 2 2
2 Yan Stastny 40 1 2 2
Penalty Kill - 3 Players Defense
Defense Defense Time % Phy DF OF
1 T.J. Fast Stu Bickel 60 1 2 2
2 Maxime Fortunus Matt Generous 40 1 2 2
4 vs 4 Forward
Center Wing Time % Phy DF OF
1 Dave Scatchard Yan Stastny 60 1 2 2
2 T.J. Oshie Mason Raymond 40 1 2 2
4 vs 4 Defense
Defense Defense Time % Phy DF OF
1 T.J. Fast Stu Bickel 60 1 2 2
2 Maxime Fortunus Matt Generous 40 1 2 2
Last Minutes Offensive
Center Left Wing Right Wing Defense Defense
Dave Scatchard Mason Raymond T.J. Oshie T.J. Fast Stu Bickel
Last Minutes Defensive
Center Left Wing Right Wing Defense Defense
Dave Scatchard Mason Raymond T.J. Oshie T.J. Fast Stu Bickel
Goaltenders
Starting : Tobias Stephan
Backup : Erik Ersberg
Extra Forwards
Normal : Brandon Prust, J.T. Wyman, James Sheppard - PP : Brandon Prust, J.T. Wyman - PK : James Sheppard
Extra Defensemen
Normal : Theo Peckham, Tyler Cuma, Maxime Fortunus - PP : Theo Peckham - PK : Tyler Cuma, Maxime Fortunus
Penalty Shots
Dave Scatchard, Yan Stastny, T.J. Oshie, Mason Raymond, Robert Dome
National
5 vs 5 Forward
Center Left Wing Right Wing Time % Phy DF OF
1 Dean McAmmond Pasi Salonen Jonathan Cheechoo 40 1 2 2
2 Jarod Palmer Johannes Salmonsson Guillaume Desbiens 30 1 2 2
3 Cédric Lalonde-McNicoll Jesse Joensuu Igor Makarov 20 1 2 2
4 Ben Maxwell Maksim Mayorov Pat Dwyer 10 1 2 2
5 vs 5 Defense
Defense Defense Time % Phy DF OF
1 Nick Schultz Jan Hejda 40 1 2 2
2 Mathieu Carle William Colbert 30 1 2 2
3 Dustin Kohn Ty Wishart 20 1 2 2
4 Nick Schultz Jan Hejda 10 1 2 2
PowerPlay Forward
Center Left Wing Right Wing Time % Phy DF OF
1 Dean McAmmond Pasi Salonen Jonathan Cheechoo 60 1 2 2
2 Jarod Palmer Johannes Salmonsson Guillaume Desbiens 40 1 2 2
PowerPlay Defense
Defense Defense Time % Phy DF OF
1 Nick Schultz Jan Hejda 60 1 2 2
2 Mathieu Carle William Colbert 40 1 2 2
Penalty Kill 4 Players Forward
Center Wing Time % Phy DF OF
1 Dean McAmmond Jonathan Cheechoo 60 1 2 2
2 Pasi Salonen Guillaume Desbiens 40 1 2 2
Penalty Kill 4 Players Defense
Defense Defense Time % Phy DF OF
1 Nick Schultz Jan Hejda 60 1 2 2
2 Mathieu Carle William Colbert 40 1 2 2
Penalty Kill - 3 Players Forward
Forward Time % Phy DF OF
1 Dean McAmmond 60 1 2 2
2 Jonathan Cheechoo 40 1 2 2
Penalty Kill - 3 Players Defense
Defense Defense Time % Phy DF OF
1 Nick Schultz Jan Hejda 60 1 2 2
2 Mathieu Carle William Colbert 40 1 2 2
4 vs 4 Forward
Center Wing Time % Phy DF OF
1 Dean McAmmond Jonathan Cheechoo 60 1 2 2
2 Pasi Salonen Guillaume Desbiens 40 1 2 2
4 vs 4 Defense
Defense Defense Time % Phy DF OF
1 Nick Schultz Jan Hejda 60 1 2 2
2 Mathieu Carle William Colbert 40 1 2 2
Last Minutes Offensive
Center Left Wing Right Wing Defense Defense
Dean McAmmond Pasi Salonen Jonathan Cheechoo Nick Schultz Jan Hejda
Last Minutes Defensive
Center Left Wing Right Wing Defense Defense
Dean McAmmond Pasi Salonen Jonathan Cheechoo Nick Schultz Jan Hejda
Goaltenders
Starting : Trevor Cann
Backup : Tyler Plante
Extra Forwards
Normal : Jesse Joensuu, Igor Makarov, Pat Dwyer - PP : Jesse Joensuu, Igor Makarov - PK : Pat Dwyer
Extra Defensemen
Normal : Dustin Kohn, Ty Wishart, Mathieu Carle - PP : Dustin Kohn - PK : Ty Wishart, Mathieu Carle
Penalty Shots
Dean McAmmond, Jonathan Cheechoo, Pasi Salonen, Guillaume Desbiens, Johannes Salmonsson
% Time on Ice - Staline
Lines # - Real PCT - Wanted PCT - Time Play
Normal Forward
1 - 33% - 40% - 16:38
2 - 28% - 30% - 14:14
3 - 22% - 20% - 10:57
4 - 18% - 10% - 9:05
Normal Defense
1 - 39% - 40% - 19:58
2 - 32% - 30% - 16:06
3 - 24% - 20% - 12:21
4 - 5% - 10% - 2:29
PP Forward
1 - 65% - 60% - 2:21
2 - 35% - 40% - 1:17
PP Defense
1 - 74% - 60% - 2:41
2 - 26% - 40% - 0:57
PK Forward
1 - 73% - 60% - 3:39
2 - 27% - 40% - 1:20
PK Defense
1 - 64% - 60% - 3:11
2 - 36% - 40% - 1:48
PK3 Forward
1 - 100% - 60% - 0:29
2 - 0% - 40% - 0:00
PK3 Defense
1 - 100% - 60% - 0:29
2 - 0% - 40% - 0:00
44 Forward
1 - 0% - 60%
2 - 0% - 40%
44 Defense
1 - 0% - 60%
2 - 0% - 40%
Last Minute Offensive - 0:00
Last Minute Defensive - 0:00
Total
Forward - 60:00
Defense - 60:00
|
% Time on Ice - National
Lines # - Real PCT - Wanted PCT - Time Play
Normal Forward
1 - 36% - 40% - 18:20
2 - 24% - 30% - 12:15
3 - 21% - 20% - 10:44
4 - 19% - 10% - 9:35
Normal Defense
1 - 38% - 40% - 19:25
2 - 29% - 30% - 14:47
3 - 25% - 20% - 12:55
4 - 7% - 10% - 3:47
PP Forward
1 - 54% - 60% - 2:58
2 - 46% - 40% - 2:30
PP Defense
1 - 48% - 60% - 2:36
2 - 52% - 40% - 2:52
PK Forward
1 - 71% - 60% - 2:34
2 - 29% - 40% - 1:04
PK Defense
1 - 53% - 60% - 1:56
2 - 47% - 40% - 1:42
PK3 Forward
1 - 0% - 60%
2 - 0% - 40%
PK3 Defense
1 - 0% - 60%
2 - 0% - 40%
44 Forward
1 - 0% - 60%
2 - 0% - 40%
44 Defense
1 - 0% - 60%
2 - 0% - 40%
Last Minute Offensive - 0:00
Last Minute Defensive - 0:00
Total
Forward - 60:00
Defense - 60:00
|
Play by Play
1st period
0:01 of 1st period - Yan Stastny wins face-off versus Dean McAmmond in neutral zone.
0:26 of 1st period - Stu Bickel is hit by Guillaume Desbiens and loses puck.
0:35 of 1st period - Snap shot by Guillaume Desbiens.
0:35 of 1st period - Shot Misses the Net.
0:37 of 1st period - Slapshot by William Colbert.
0:37 of 1st period - Stopped by Tobias Stephan without a rebound.
0:38 of 1st period - Mathieu Perreault wins face-off versus Cédric Lalonde-McNicoll in Staline zone.
0:51 of 1st period - Snap shot by J.T. Wyman.
0:51 of 1st period - Shot Misses the Net.
1:30 of 1st period - Wrist shot by Mason Raymond.
1:30 of 1st period - Stopped by Trevor Cann without a rebound.
1:31 of 1st period - Yan Stastny wins face-off versus Jarod Palmer in National zone.
1:36 of 1st period - Snap shot by Mason Raymond.
1:36 of 1st period - Stopped by Trevor Cann with a rebound.
2:07 of 1st period - Slapshot by T.J. Oshie.
2:07 of 1st period - Shot Misses the Net.
2:15 of 1st period - Wrist shot by T.J. Oshie.
2:15 of 1st period - Shot Misses the Net.
2:17 of 1st period - Snap shot by T.J. Oshie.
2:17 of 1st period - Shot Misses the Net.
2:19 of 1st period - Snap shot by Theo Peckham.
2:19 of 1st period - Stopped by Trevor Cann without a rebound.
2:20 of 1st period - Dave Scatchard wins face-off versus Dean McAmmond in National zone.
2:29 of 1st period - Slapshot by Robert Dome.
2:29 of 1st period - Stopped by Trevor Cann with a rebound.
2:31 of 1st period - Slapshot by Cam Janssen.
2:31 of 1st period - Shot Misses the Net.
2:33 of 1st period - Snap shot by Dave Scatchard.
2:33 of 1st period - Stopped by Trevor Cann without a rebound.
2:34 of 1st period - Mathieu Perreault wins face-off versus Jarod Palmer in National zone.
2:37 of 1st period - Wrist shot by J.T. Wyman.
2:37 of 1st period - Goal by J.T. Wyman - Staline : 1 - National : 0.
2:38 of 1st period - Jonathan Cheechoo wins face-off versus Dave Scatchard in neutral zone.
2:52 of 1st period - Slapshot by Dean McAmmond.
2:52 of 1st period - Shot Misses the Net.
3:47 of 1st period - Wrist shot by Dave Scatchard.
3:47 of 1st period - Stopped by Trevor Cann without a rebound.
3:48 of 1st period - Cédric Lalonde-McNicoll wins face-off versus Cam Janssen in National zone.
3:57 of 1st period - Slapshot by William Colbert.
3:57 of 1st period - Stopped by Tobias Stephan without a rebound.
3:58 of 1st period - Dave Scatchard wins face-off versus Dean McAmmond in Staline zone.
4:09 of 1st period - Snap shot by Pasi Salonen.
4:09 of 1st period - Shot Misses the Net.
4:11 of 1st period - Wrist shot by Mathieu Carle.
4:11 of 1st period - Stopped by Tobias Stephan with a rebound.
4:33 of 1st period - Wrist shot by Mason Raymond.
4:33 of 1st period - Shot Blocked by Mathieu Carle.
4:45 of 1st period - Slapshot by J.T. Wyman.
4:45 of 1st period - Shot Misses the Net.
4:47 of 1st period - Wrist shot by J.T. Wyman.
4:47 of 1st period - Shot Misses the Net.
4:49 of 1st period - Slapshot by Brandon Prust.
4:49 of 1st period - Stopped by Trevor Cann without a rebound.
4:50 of 1st period - Mathieu Perreault wins face-off versus Dean McAmmond in National zone.
5:15 of 1st period - Nick Schultz is hit by Danny Kristo and loses puck.
6:08 of 1st period - Dean McAmmond is hit by Cam Janssen and loses puck.
6:59 of 1st period - Wrist shot by Mason Raymond.
6:59 of 1st period - Stopped by Trevor Cann with a rebound.
7:03 of 1st period - Snap shot by Mason Raymond.
7:03 of 1st period - Shot Misses the Net.
7:47 of 1st period - Off-side.
7:48 of 1st period - Yan Stastny wins face-off versus Ben Maxwell in neutral zone.
8:02 of 1st period - Snap shot by Pat Dwyer.
8:02 of 1st period - Stopped by Tobias Stephan with a rebound.
8:34 of 1st period - Dave Scatchard is hit by Nick Schultz and loses puck.
9:45 of 1st period - Wrist shot by Robert Dome.
9:45 of 1st period - Shot Blocked by Jan Hejda.
9:47 of 1st period - Slapshot by T.J. Fast.
9:47 of 1st period - Shot Misses the Net.
9:49 of 1st period - Slapshot by Robert Dome.
9:49 of 1st period - Shot Blocked by Jan Hejda.
9:51 of 1st period - Slapshot by T.J. Fast.
9:51 of 1st period - Stopped by Trevor Cann without a rebound.
9:52 of 1st period - Jarod Palmer wins face-off versus Yan Stastny in National zone.
10:18 of 1st period - Snap shot by Mathieu Perreault.
10:18 of 1st period - Shot Misses the Net.
13:38 of 1st period - Cédric Lalonde-McNicoll is hit by Danny Kristo and loses puck.
13:51 of 1st period - Matt Generous is hit by Guillaume Desbiens and loses puck.
14:35 of 1st period - Dustin Kohn is hit by Mason Raymond.
15:01 of 1st period - J.T. Wyman is hit by Jesse Joensuu and loses puck.
15:50 of 1st period - Guillaume Desbiens is hit by Theo Peckham and loses puck.
15:57 of 1st period - J.T. Wyman is hit by Nick Schultz and loses puck.
16:12 of 1st period - Cédric Lalonde-McNicoll is hit by T.J. Oshie and loses puck.
16:23 of 1st period - Backhand shot by James Sheppard.
16:23 of 1st period - Stopped by Trevor Cann without a rebound.
16:24 of 1st period - Zac Rinaldo wins face-off versus Dean McAmmond in National zone.
16:48 of 1st period - Yan Stastny is hit by Dustin Kohn.
16:52 of 1st period - Igor Makarov is hit by Mason Raymond and loses puck.
17:31 of 1st period - Snap shot by Brandon Prust.
17:31 of 1st period - Shot Hit the Post.
17:33 of 1st period - Slapshot by T.J. Fast.
17:33 of 1st period - Shot Blocked by Nick Schultz.
17:35 of 1st period - Slapshot by T.J. Fast.
17:35 of 1st period - Stopped by Trevor Cann with a rebound.
18:11 of 1st period - Backhand shot by Jan Hejda.
18:11 of 1st period - Stopped by Tobias Stephan without a rebound.
18:12 of 1st period - Yan Stastny wins face-off versus Cédric Lalonde-McNicoll in Staline zone.
18:28 of 1st period - Wrist shot by Jesse Joensuu.
18:28 of 1st period - Shot Misses the Net.
18:38 of 1st period - William Colbert is hit by Cam Janssen and loses puck.
18:43 of 1st period - Snap shot by Dave Scatchard.
18:43 of 1st period - Stopped by Trevor Cann without a rebound.
18:44 of 1st period - Dave Scatchard wins face-off versus Jarod Palmer in National zone.
Goals for this period are 1 for Staline vs 0 for National.
Shots for this period are 13 for Staline vs 5 for National.
2nd period
0:01 of 2nd period - Dean McAmmond wins face-off versus Yan Stastny in neutral zone.
0:14 of 2nd period - Backhand shot by Jonathan Cheechoo.
0:14 of 2nd period - Goal by Jonathan Cheechoo - Staline : 1 - National : 1.
0:15 of 2nd period - Dean McAmmond wins face-off versus Yan Stastny in neutral zone.
0:40 of 2nd period - T.J. Fast is hit by Guillaume Desbiens.
0:44 of 2nd period - Johannes Salmonsson is hit by Matt Generous and loses puck.
1:01 of 2nd period - Snap shot by Pat Dwyer.
1:01 of 2nd period - Shot Hit the Post.
1:24 of 2nd period - Wrist shot by Pat Dwyer.
1:24 of 2nd period - Stopped by Tobias Stephan with a rebound.
1:26 of 2nd period - Slapshot by Ty Wishart.
1:26 of 2nd period - Deflect By Tyler Cuma.
1:26 of 2nd period - Stopped by Tobias Stephan without a rebound.
1:27 of 2nd period - Yan Stastny wins face-off versus Cédric Lalonde-McNicoll in Staline zone.
1:32 of 2nd period - Snap shot by Cédric Lalonde-McNicoll.
1:32 of 2nd period - Deflect By Igor Makarov.
1:32 of 2nd period - Stopped by Tobias Stephan with a rebound.
1:34 of 2nd period - Wrist shot by William Colbert.
1:34 of 2nd period - Shot Misses the Net.
1:36 of 2nd period - Slapshot by Mathieu Carle.
1:36 of 2nd period - Shot Misses the Net.
1:38 of 2nd period - Slapshot by Igor Makarov.
1:38 of 2nd period - Shot Misses the Net.
1:40 of 2nd period - Wrist shot by Igor Makarov.
1:40 of 2nd period - Shot Blocked by T.J. Fast.
1:42 of 2nd period - Snap shot by Jesse Joensuu.
1:42 of 2nd period - Shot Misses the Net.
1:48 of 2nd period - Minor Penalty to Stu Bickel for Holding.
1:49 of 2nd period - Dean McAmmond wins face-off versus Dave Scatchard in Staline zone.
2:02 of 2nd period - Tyler Cuma is hit by Pasi Salonen and loses puck.
2:17 of 2nd period - Slapshot by Nick Schultz.
2:17 of 2nd period - Deflect By Guillaume Desbiens.
2:17 of 2nd period - Shot Blocked by T.J. Fast.
2:17 of 2nd period - Puck is out of play.
2:18 of 2nd period - Jarod Palmer wins face-off versus Dave Scatchard in Staline zone.
2:27 of 2nd period - Snap shot by Jarod Palmer.
2:27 of 2nd period - Shot Misses the Net.
2:29 of 2nd period - Slapshot by Mathieu Carle.
2:29 of 2nd period - Shot Blocked by Tyler Cuma.
2:31 of 2nd period - Slapshot by Mathieu Carle.
2:31 of 2nd period - Shot Misses the Net.
2:33 of 2nd period - Wrist shot by Johannes Salmonsson.
2:33 of 2nd period - Stopped by Tobias Stephan with a rebound.
2:50 of 2nd period - Snap shot by Mathieu Carle.
2:50 of 2nd period - Stopped by Tobias Stephan with a rebound.
3:07 of 2nd period - Off-side.
3:08 of 2nd period - Jarod Palmer wins face-off versus T.J. Oshie in neutral zone.
3:11 of 2nd period - Slapshot by Nick Schultz.
3:11 of 2nd period - Shot Misses the Net.
3:13 of 2nd period - Snap shot by Jarod Palmer.
3:13 of 2nd period - Stopped by Tobias Stephan without a rebound.
3:14 of 2nd period - Dean McAmmond wins face-off versus T.J. Oshie in Staline zone.
3:18 of 2nd period - Minor Penalty to Tyler Cuma for High sticking.
3:19 of 2nd period - Dave Scatchard wins face-off versus Dean McAmmond in Staline zone.
3:48 of 2nd period - Penalty to Stu Bickel is over, Stu Bickel is back on ice.
4:10 of 2nd period - Off-side.
4:11 of 2nd period - Jarod Palmer wins face-off versus James Sheppard in neutral zone.
4:14 of 2nd period - Slapshot by T.J. Fast.
4:14 of 2nd period - Deflect By Yan Stastny.
4:14 of 2nd period - Shot Misses the Net.
4:14 of 2nd period - Puck is out of play.
4:15 of 2nd period - Dave Scatchard wins face-off versus Jarod Palmer in National zone.
4:16 of 2nd period - Snap shot by Yan Stastny.
4:16 of 2nd period - Deflect By Dave Scatchard.
4:16 of 2nd period - Stopped by Trevor Cann with a rebound.
4:34 of 2nd period - Mathieu Carle is hit by T.J. Fast and loses puck.
5:18 of 2nd period - Penalty to Tyler Cuma is over, Tyler Cuma is back on ice.
5:33 of 2nd period - Snap shot by T.J. Oshie.
5:33 of 2nd period - Shot Blocked by Cédric Lalonde-McNicoll.
5:53 of 2nd period - Snap shot by Brandon Prust.
5:53 of 2nd period - Stopped by Trevor Cann with a rebound.
5:55 of 2nd period - Minor Penalty to Dustin Kohn for Hooking.
5:56 of 2nd period - Dave Scatchard wins face-off versus Dean McAmmond in National zone.
6:13 of 2nd period - T.J. Fast is hit by Jan Hejda and loses puck.
6:55 of 2nd period - William Colbert is hit by Yan Stastny and loses puck.
7:18 of 2nd period - Slapshot by Robert Dome.
7:18 of 2nd period - Deflect By Cam Janssen.
7:18 of 2nd period - Shot Misses the Net.
7:18 of 2nd period - Puck is out of play.
7:19 of 2nd period - Dean McAmmond wins face-off versus Dave Scatchard in National zone.
7:24 of 2nd period - Wrist shot by T.J. Oshie.
7:24 of 2nd period - Stopped by Trevor Cann with a rebound.
7:26 of 2nd period - Slapshot by T.J. Oshie.
7:26 of 2nd period - Stopped by Trevor Cann with a rebound.
7:28 of 2nd period - Slapshot by Matt Generous.
7:28 of 2nd period - Shot Blocked by Nick Schultz.
7:30 of 2nd period - Wrist shot by T.J. Oshie.
7:30 of 2nd period - Stopped by Trevor Cann with a rebound.
7:34 of 2nd period - Snap shot by Mason Raymond.
7:34 of 2nd period - Stopped by Trevor Cann with a rebound.
7:44 of 2nd period - Stu Bickel is hit by Johannes Salmonsson and loses puck.
7:55 of 2nd period - Penalty to Dustin Kohn is over, Dustin Kohn is back on ice.
8:27 of 2nd period - Snap shot by Danny Kristo.
8:27 of 2nd period - Stopped by Trevor Cann with a rebound.
8:29 of 2nd period - Snap shot by Danny Kristo.
8:29 of 2nd period - Shot Misses the Net.
8:31 of 2nd period - Slapshot by T.J. Fast.
8:31 of 2nd period - Stopped by Trevor Cann without a rebound.
8:32 of 2nd period - Zac Rinaldo wins face-off versus Cédric Lalonde-McNicoll in National zone.
8:57 of 2nd period - Nick Schultz is hit by Maxime Fortunus and loses puck.
9:47 of 2nd period - Icing by Tyler Cuma.
9:48 of 2nd period - Dean McAmmond wins face-off versus Mathieu Perreault in Staline zone.
10:01 of 2nd period - Snap shot by Dean McAmmond.
10:01 of 2nd period - Shot Blocked by J.T. Wyman.
10:15 of 2nd period - Wrist shot by J.T. Wyman.
10:15 of 2nd period - Goal by J.T. Wyman - Staline : 2 - National : 1.
10:16 of 2nd period - Yan Stastny wins face-off versus Dean McAmmond in neutral zone.
10:23 of 2nd period - Snap shot by Yan Stastny.
10:23 of 2nd period - Shot Misses the Net.
10:25 of 2nd period - Snap shot by T.J. Oshie.
10:25 of 2nd period - Stopped by Trevor Cann without a rebound.
10:26 of 2nd period - Yan Stastny wins face-off versus Dean McAmmond in National zone.
10:57 of 2nd period - Snap shot by Yan Stastny.
10:57 of 2nd period - Shot Blocked by Nick Schultz.
10:59 of 2nd period - Slapshot by T.J. Fast.
10:59 of 2nd period - Deflect By Jan Hejda.
10:59 of 2nd period - Stopped by Trevor Cann with a rebound.
11:01 of 2nd period - Snap shot by T.J. Oshie.
11:01 of 2nd period - Stopped by Trevor Cann without a rebound.
11:02 of 2nd period - Dave Scatchard wins face-off versus Jarod Palmer in National zone.
11:40 of 2nd period - Slapshot by Mathieu Carle.
11:40 of 2nd period - Stopped by Tobias Stephan with a rebound.
11:42 of 2nd period - Wrist shot by Jesse Joensuu.
11:42 of 2nd period - Stopped by Tobias Stephan with a rebound.
12:15 of 2nd period - Wrist shot by Yan Stastny.
12:15 of 2nd period - Shot Blocked by Jan Hejda.
12:17 of 2nd period - Slapshot by Theo Peckham.
12:17 of 2nd period - Deflect By Pasi Salonen.
12:17 of 2nd period - Stopped by Trevor Cann with a rebound.
12:27 of 2nd period - Dean McAmmond is hit by Mason Raymond.
12:47 of 2nd period - Wrist shot by Guillaume Desbiens.
12:47 of 2nd period - Shot Misses the Net.
13:01 of 2nd period - Slapshot by Mathieu Carle.
13:01 of 2nd period - Stopped by Tobias Stephan with a rebound.
13:39 of 2nd period - Slapshot by T.J. Fast.
13:39 of 2nd period - Shot Misses the Net.
13:41 of 2nd period - Slapshot by Danny Kristo.
13:41 of 2nd period - Deflect By James Sheppard.
13:41 of 2nd period - Stopped by Trevor Cann without a rebound.
13:42 of 2nd period - Dean McAmmond wins face-off versus Zac Rinaldo in National zone.
13:47 of 2nd period - Danny Kristo is hit by Jan Hejda and loses puck.
14:18 of 2nd period - Wrist shot by T.J. Oshie.
14:18 of 2nd period - Stopped by Trevor Cann with a rebound.
14:20 of 2nd period - Wrist shot by Mason Raymond.
14:20 of 2nd period - Goal by Mason Raymond - Staline : 3 - National : 1.
14:21 of 2nd period - Yan Stastny wins face-off versus Jonathan Cheechoo in neutral zone.
14:32 of 2nd period - Wrist shot by Yan Stastny.
14:32 of 2nd period - Stopped by Trevor Cann with a rebound.
15:49 of 2nd period - Slapshot by Mathieu Carle.
15:49 of 2nd period - Shot Blocked by Mason Raymond.
15:51 of 2nd period - Slapshot by Pasi Salonen.
15:51 of 2nd period - Goal by Pasi Salonen - Staline : 3 - National : 2.
15:52 of 2nd period - Dean McAmmond wins face-off versus Yan Stastny in neutral zone.
15:57 of 2nd period - Slapshot by Mathieu Carle.
15:57 of 2nd period - Shot Blocked by Stu Bickel.
16:03 of 2nd period - Wrist shot by Jonathan Cheechoo.
16:03 of 2nd period - Stopped by Tobias Stephan with a rebound.
16:23 of 2nd period - Slapshot by Johannes Salmonsson.
16:23 of 2nd period - Stopped by Tobias Stephan without a rebound.
16:24 of 2nd period - Jarod Palmer wins face-off versus Dave Scatchard in Staline zone.
16:25 of 2nd period - Slapshot by Guillaume Desbiens.
16:25 of 2nd period - Stopped by Tobias Stephan with a rebound.
16:49 of 2nd period - Yan Stastny is hit by Jonathan Cheechoo and loses puck.
17:17 of 2nd period - Snap shot by Igor Makarov.
17:17 of 2nd period - Stopped by Tobias Stephan with a rebound.
17:19 of 2nd period - Snap shot by Dustin Kohn.
17:19 of 2nd period - Deflect By Igor Makarov.
17:19 of 2nd period - Stopped by Tobias Stephan with a rebound.
17:38 of 2nd period - Icing by T.J. Fast.
17:39 of 2nd period - Dean McAmmond wins face-off versus Zac Rinaldo in Staline zone.
17:50 of 2nd period - Slapshot by Stu Bickel.
17:50 of 2nd period - Stopped by Trevor Cann with a rebound.
17:52 of 2nd period - Slapshot by Danny Kristo.
17:52 of 2nd period - Shot Misses the Net.
17:54 of 2nd period - Wrist shot by T.J. Fast.
17:54 of 2nd period - Stopped by Trevor Cann without a rebound.
17:55 of 2nd period - Jarod Palmer wins face-off versus T.J. Oshie in National zone.
18:23 of 2nd period - Snap shot by Brandon Prust.
18:23 of 2nd period - Stopped by Trevor Cann without a rebound.
18:24 of 2nd period - Dean McAmmond wins face-off versus Mathieu Perreault in National zone.
18:35 of 2nd period - Snap shot by Brandon Prust.
18:35 of 2nd period - Stopped by Trevor Cann with a rebound.
19:11 of 2nd period - Dave Scatchard is hit by Guillaume Desbiens and loses puck.
19:54 of 2nd period - Snap shot by Pat Dwyer.
19:54 of 2nd period - Shot Misses the Net.
19:56 of 2nd period - Slapshot by Dustin Kohn.
19:56 of 2nd period - Shot Blocked by Tyler Cuma.
19:58 of 2nd period - Wrist shot by Pat Dwyer.
19:58 of 2nd period - Shot Blocked by Tyler Cuma.
Goals for this period are 2 for Staline vs 2 for National.
Shots for this period are 21 for Staline vs 16 for National.
3rd period
0:01 of 3rd period - Yan Stastny wins face-off versus Dean McAmmond in neutral zone.
0:03 of 3rd period - Off-side.
0:04 of 3rd period - Yan Stastny wins face-off versus Dean McAmmond in neutral zone.
0:13 of 3rd period - Snap shot by Mason Raymond.
0:13 of 3rd period - Shot Misses the Net.
0:15 of 3rd period - Snap shot by Mason Raymond.
0:15 of 3rd period - Shot Misses the Net.
0:17 of 3rd period - Slapshot by T.J. Fast.
0:17 of 3rd period - Shot Blocked by Pasi Salonen.
0:19 of 3rd period - Slapshot by T.J. Fast.
0:19 of 3rd period - Deflect By Mason Raymond.
0:19 of 3rd period - Stopped by Trevor Cann without a rebound.
0:20 of 3rd period - Jarod Palmer wins face-off versus Dave Scatchard in National zone.
0:46 of 3rd period - Yan Stastny is hit by Jonathan Cheechoo and loses puck.
1:17 of 3rd period - Backhand shot by Brandon Prust.
1:17 of 3rd period - Shot Misses the Net.
1:50 of 3rd period - Snap shot by Igor Makarov.
1:50 of 3rd period - Deflect By Jesse Joensuu.
1:50 of 3rd period - Shot Blocked by James Sheppard.
1:50 of 3rd period - Puck is out of play.
1:51 of 3rd period - Dean McAmmond wins face-off versus Zac Rinaldo in Staline zone.
2:22 of 3rd period - Slapshot by Pat Dwyer.
2:22 of 3rd period - Stopped by Tobias Stephan without a rebound.
2:23 of 3rd period - Ben Maxwell wins face-off versus Yan Stastny in Staline zone.
2:44 of 3rd period - Ty Wishart is hit by Yan Stastny and loses puck.
2:59 of 3rd period - Snap shot by Yan Stastny.
2:59 of 3rd period - Stopped by Trevor Cann with a rebound.
3:38 of 3rd period - Wrist shot by Pat Dwyer.
3:38 of 3rd period - Stopped by Tobias Stephan with a rebound.
3:40 of 3rd period - Wrist shot by Ben Maxwell.
3:40 of 3rd period - Stopped by Tobias Stephan without a rebound.
3:41 of 3rd period - Dean McAmmond wins face-off versus Dave Scatchard in Staline zone.
3:42 of 3rd period - Slapshot by Nick Schultz.
3:42 of 3rd period - Shot Misses the Net.
3:50 of 3rd period - Snap shot by Jonathan Cheechoo.
3:50 of 3rd period - Shot Misses the Net.
3:52 of 3rd period - Backhand shot by Jan Hejda.
3:52 of 3rd period - Stopped by Tobias Stephan with a rebound.
3:54 of 3rd period - Slapshot by Jonathan Cheechoo.
3:54 of 3rd period - Shot Blocked by Dave Scatchard.
4:06 of 3rd period - Matt Generous is hit by Jarod Palmer.
4:12 of 3rd period - Nick Schultz is hit by Brandon Prust and loses puck.
4:31 of 3rd period - Slapshot by Maxime Fortunus.
4:31 of 3rd period - Shot Misses the Net.
4:33 of 3rd period - Snap shot by James Sheppard.
4:33 of 3rd period - Shot Misses the Net.
4:35 of 3rd period - Slapshot by Matt Generous.
4:35 of 3rd period - Stopped by Trevor Cann with a rebound.
4:37 of 3rd period - Snap shot by Matt Generous.
4:37 of 3rd period - Deflect By Zac Rinaldo.
4:37 of 3rd period - Stopped by Trevor Cann without a rebound.
4:38 of 3rd period - Dean McAmmond wins face-off versus Dave Scatchard in National zone.
4:38 of 3rd period - Dean McAmmond is hit by Tyler Cuma.
4:47 of 3rd period - Off-side.
4:48 of 3rd period - Dave Scatchard wins face-off versus Pasi Salonen in neutral zone.
4:51 of 3rd period - Snap shot by Cam Janssen.
4:51 of 3rd period - Shot Blocked by Mathieu Carle.
4:53 of 3rd period - Snap shot by Dave Scatchard.
4:53 of 3rd period - Goal by Dave Scatchard - Staline : 4 - National : 2.
4:54 of 3rd period - Yan Stastny wins face-off versus Dean McAmmond in neutral zone.
5:01 of 3rd period - Snap shot by Dean McAmmond.
5:01 of 3rd period - Shot Blocked by T.J. Oshie.
5:19 of 3rd period - Yan Stastny is hit by Cédric Lalonde-McNicoll and loses puck.
5:35 of 3rd period - Icing by T.J. Oshie.
5:36 of 3rd period - Jonathan Cheechoo wins face-off versus Yan Stastny in Staline zone.
5:43 of 3rd period - Snap shot by Dean McAmmond.
5:43 of 3rd period - Stopped by Tobias Stephan without a rebound.
5:44 of 3rd period - Dean McAmmond wins face-off versus Dave Scatchard in Staline zone.
5:56 of 3rd period - Icing by Dave Scatchard.
5:57 of 3rd period - Dave Scatchard wins face-off versus Pasi Salonen in Staline zone.
6:36 of 3rd period - Snap shot by Cam Janssen.
6:36 of 3rd period - Goal by Cam Janssen - Staline : 5 - National : 2.
6:37 of 3rd period - Dean McAmmond wins face-off versus Yan Stastny in neutral zone.
6:40 of 3rd period - Yan Stastny is hit by Jan Hejda and loses puck.
7:16 of 3rd period - Wrist shot by Dave Scatchard.
7:16 of 3rd period - Stopped by Trevor Cann without a rebound.
7:17 of 3rd period - Dean McAmmond wins face-off versus Mathieu Perreault in National zone.
8:23 of 3rd period - Slapshot by Jan Hejda.
8:23 of 3rd period - Shot Misses the Net.
8:37 of 3rd period - Zac Rinaldo is hit by Jan Hejda and loses puck.
9:14 of 3rd period - Snap shot by Dean McAmmond.
9:14 of 3rd period - Stopped by Tobias Stephan without a rebound.
9:15 of 3rd period - Jarod Palmer wins face-off versus Mathieu Perreault in Staline zone.
9:26 of 3rd period - Snap shot by Johannes Salmonsson.
9:26 of 3rd period - Goal by Johannes Salmonsson - Staline : 5 - National : 3.
9:27 of 3rd period - Yan Stastny wins face-off versus Jarod Palmer in neutral zone.
10:16 of 3rd period - Wrist shot by Brandon Prust.
10:16 of 3rd period - Deflect By Mathieu Perreault.
10:16 of 3rd period - Stopped by Trevor Cann with a rebound.
10:18 of 3rd period - Wrist shot by Mathieu Perreault.
10:18 of 3rd period - Stopped by Trevor Cann with a rebound.
10:20 of 3rd period - Snap shot by Mathieu Perreault.
10:20 of 3rd period - Deflect By Igor Makarov.
10:20 of 3rd period - Goal by Mathieu Perreault - Staline : 6 - National : 3.
10:21 of 3rd period - Dean McAmmond wins face-off versus Yan Stastny in neutral zone.
10:36 of 3rd period - Snap shot by Yan Stastny.
10:36 of 3rd period - Goal by Yan Stastny - Staline : 7 - National : 3.
10:37 of 3rd period - Jarod Palmer wins face-off versus Yan Stastny in neutral zone.
11:10 of 3rd period - Cam Janssen is hit by Pasi Salonen.
11:26 of 3rd period - Slapshot by Dustin Kohn.
11:26 of 3rd period - Shot Blocked by Cam Janssen.
11:46 of 3rd period - Snap shot by T.J. Fast.
11:46 of 3rd period - Stopped by Trevor Cann with a rebound.
12:06 of 3rd period - Guillaume Desbiens is hit by Mason Raymond and loses puck.
12:48 of 3rd period - Snap shot by Pat Dwyer.
12:48 of 3rd period - Stopped by Tobias Stephan without a rebound.
12:49 of 3rd period - Ben Maxwell wins face-off versus Mathieu Perreault in Staline zone.
13:04 of 3rd period - Slapshot by J.T. Wyman.
13:04 of 3rd period - Shot Misses the Net.
13:12 of 3rd period - Nick Schultz is hit by Maxime Fortunus and loses puck.
13:19 of 3rd period - Backhand shot by Mathieu Carle.
13:19 of 3rd period - Stopped by Tobias Stephan with a rebound.
13:21 of 3rd period - Snap shot by Maksim Mayorov.
13:21 of 3rd period - Shot Misses the Net.
13:27 of 3rd period - Backhand shot by William Colbert.
13:27 of 3rd period - Shot Blocked by Brandon Prust.
13:29 of 3rd period - Slapshot by Mathieu Carle.
13:29 of 3rd period - Stopped by Tobias Stephan with a rebound.
13:31 of 3rd period - Wrist shot by Maksim Mayorov.
13:31 of 3rd period - Deflect By Matt Generous.
13:31 of 3rd period - Shot Blocked by Brandon Prust.
13:31 of 3rd period - Puck is out of play.
13:32 of 3rd period - Yan Stastny wins face-off versus Jarod Palmer in Staline zone.
13:32 of 3rd period - Yan Stastny is hit by Johannes Salmonsson.
13:58 of 3rd period - Robert Dome is hit by Jonathan Cheechoo and loses puck.
14:29 of 3rd period - Wrist shot by Igor Makarov.
14:29 of 3rd period - Shot Misses the Net.
14:35 of 3rd period - Minor Penalty to Zac Rinaldo for Hooking.
14:36 of 3rd period - Dave Scatchard wins face-off versus Dean McAmmond in Staline zone.
14:54 of 3rd period - Jonathan Cheechoo is hit by Yan Stastny and loses puck.
15:07 of 3rd period - Guillaume Desbiens is hit by Maxime Fortunus and loses puck.
15:14 of 3rd period - Maxime Fortunus is hit by Jarod Palmer and loses puck.
16:35 of 3rd period - Penalty to Zac Rinaldo is over, Zac Rinaldo is back on ice.
16:35 of 3rd period - Maxime Fortunus is hit by Jesse Joensuu and loses puck.
16:42 of 3rd period - Snap shot by Igor Makarov.
16:42 of 3rd period - Stopped by Tobias Stephan with a rebound.
17:10 of 3rd period - Snap shot by T.J. Oshie.
17:10 of 3rd period - Shot Misses the Net.
17:12 of 3rd period - Slapshot by T.J. Oshie.
17:12 of 3rd period - Stopped by Trevor Cann with a rebound.
17:18 of 3rd period - Snap shot by Mason Raymond.
17:18 of 3rd period - Shot Misses the Net.
17:20 of 3rd period - Wrist shot by Maxime Fortunus.
17:20 of 3rd period - Shot Misses the Net.
17:22 of 3rd period - Slapshot by Mason Raymond.
17:22 of 3rd period - Goal by Mason Raymond - Staline : 8 - National : 3.
17:23 of 3rd period - Jarod Palmer wins face-off versus Dave Scatchard in neutral zone.
17:54 of 3rd period - Wrist shot by Jonathan Cheechoo.
17:54 of 3rd period - Deflect By Dean McAmmond.
17:54 of 3rd period - Stopped by Tobias Stephan with a rebound.
18:04 of 3rd period - William Colbert is hit by T.J. Fast and loses puck.
18:15 of 3rd period - Snap shot by Danny Kristo.
18:15 of 3rd period - Shot Hit the Post.
18:20 of 3rd period - Minor Penalty to Maksim Mayorov for Holding.
18:21 of 3rd period - Dean McAmmond wins face-off versus Mason Raymond in National zone.
18:46 of 3rd period - William Colbert is hit by Dave Scatchard and loses puck.
19:37 of 3rd period - Wrist shot by Dave Scatchard.
19:37 of 3rd period - Shot Misses the Net.
19:39 of 3rd period - Snap shot by Stu Bickel.
19:39 of 3rd period - Stopped by Trevor Cann without a rebound.
19:40 of 3rd period - Yan Stastny wins face-off versus Pat Dwyer in National zone.
19:45 of 3rd period - Wrist shot by Yan Stastny.
19:45 of 3rd period - Stopped by Trevor Cann without a rebound.
19:46 of 3rd period - Dean McAmmond wins face-off versus Yan Stastny in National zone.
Goals for this period are 5 for Staline vs 1 for National.
Shots for this period are 16 for Staline vs 12 for National.
Output by the SimonT Hockey Simulator (STHS) for François Prévost -- Original Page W3C XHTML 1.0 Valid